 Dungeon Crawl Stone Soup version 0.18.1-47-g9310371 (webtiles) character file.

50 Gargoyl the Skirmisher (level 3, -4/29 HPs)
             Began as a Demonspawn Abyssal Knight on June 15, 2016.
             Was a Follower of Lugonu.
             Killed from afar by Sigmund (5 damage)
             ... with a puff of flame
             ... on level 2 of the Dungeon.
             The game lasted 00:03:53 (1418 turns).

Gargoyl the Skirmisher (Demonspawn Abyssal Knight)  Turns: 1418, Time: 00:03:53

Health: -4/29      AC: 12    Str: 13    XL:     3   Next: 55%
Magic:  4/4        EV: 14    Int: 15    God:    Lugonu [*.....]
Gold:   58         SH:  0    Dex: 17    Spells: 0 memorised, 2 levels left

rFire  . . .     SeeInvis .     a - +1 hand axe
rCold  . . .     Gourm    .     h - +0 scale mail
rNeg   . . .     Faith    .     (no shield)
rPois  .         Spirit   .     (no helmet)
rElec  +         Dismiss  .     (no cloak)
rCorr  .         Reflect  .     (no gloves)
SustAt .         Harm     .     (no boots)
MR     .....                    (no amulet)
Stlth  +.........               (no ring)
                                (no ring)

@: agile, not resistant to hostile enchantments, very unstealthy
A: iridescent scales 2, clever 1, electricity resistance, slow regeneration 1
a: Depart the Abyss, Renounce Religion


You were on level 2 of the Dungeon.
You worshipped Lugonu.
Lugonu was aware of your devotion.
You were not hungry.

You visited 1 branch of the dungeon, and saw 2 of its levels.
You visited the Abyss 1 time.

You collected 58 gold pieces.

Inventory:

Hand Weapons
 a - a +1 hand axe (weapon)
Armour
 h - a +0 scale mail (worn)
Scrolls
 b - 3 scrolls of amnesia {unknown}
 e - a scroll of remove curse {unknown}
Comestibles
 c - 2 bread rations
 f - a meat ration


   Skills:
 + Level 3.5 Fighting
 + Level 2.0 Axes
 * Level 2.4 Armour
 + Level 1.6 Dodging
 + Level 2.4 Invocations


You had 2 spell levels left.
You didn't know any spells.

Dungeon Overview and Level Annotations

Branches:
Dungeon (2/15)

Altars:

Annotations:
D:2 Sigmund


Innate Abilities, Weirdness & Mutations

You are mostly covered in iridescent scales (AC +6).
Your mind is acute. (Int +2)
You are resistant to electric shocks.
You regenerate slowly when monsters are visible.


Message History

You miss something. You hit something but do no damage.
Something hits you but does no damage.
You hit something but do no damage. Something hits you.
* * * LOW HITPOINT WARNING * * *
You barely miss something. Something completely misses you.
You closely miss something. Something hits you but does no damage.
You hit something. You miss something. Something hits you.
* * * LOW HITPOINT WARNING * * *
You hit something. Something hits you but does no damage.
Your scale mail prevents you from hitting something.
Something hits you but does no damage.
You hit something. Something hits you but does no damage.
You miss something. You closely miss something.
Something hits you but does no damage.
You hit something.
You hear some strange, mumbled words.
A puff of flame appears from out of thin air!
The puff of flame hits you!
You die...

......)....................#
###.##.#...............#####
# #.##.#.#.####...###..# #
#.##.#.#.# #...# #..# #
#.#....#.# #...# #..# #
#.#....#.####...###..# #
#.#...........)......# #
#.#....#..###..{.....#
........@........
.##..............
.................
.##..##..####..## #.. #..#
..# #. #.....#..##
#.#......##..###.........
.#........... ......... .
.......##..###.##.....


There were no monsters in sight!

Vanquished Creatures
  A gnoll (D:1)
  An adder (D:2)
  An ooze (D:1)
  5 bats
  3 giant cockroaches
  3 goblins
  4 hobgoblins
  2 ball pythons
  A giant newt (D:2)
  4 kobolds
  2 rats
27 creatures vanquished.

Vanquished Creatures (others)
  7 starspawn tentacles (Abyss:1)
  113 starspawn tentacle segments (Abyss:1)
120 creatures vanquished.

Grand Total: 147 creatures vanquished

Notes
Turn   | Place    | Note
--------------------------------------------------------------
     0 | Abyss:1  | Gargoyl the Demonspawn Abyssal Knight began the quest for the Orb.
     0 | Abyss:1  | Reached XP level 1. HP: 18/18 MP: 2/2
    83 | Abyss:1  | Noticed a starcursed mass
    96 | Abyss:1  | Noticed a tentacled starspawn
   114 | Abyss:1  | Found a corrupted altar of Lugonu.
   133 | Abyss:1  | Noticed a wretched star
   135 | D:1      | Escaped the Abyss
   159 | D:1      | Reached skill level 1 in Dodging
   304 | D:1      | Gained mutation: You are partially covered in iridescent scales (AC +4). [demonic ancestry]
   304 | D:1      | Reached XP level 2. HP: 23/24 MP: 3/3
   593 | D:1      | Reached * piety under Lugonu
   658 | D:1      | Gained mutation: You have a pair of small antennae on your head. [potion of mutation]
   658 | D:1      | Gained mutation: You regenerate slowly when monsters are visible. [potion of mutation]
   658 | D:1      | Gained mutation: Your mind is acute. (Int +2) [potion of mutation]
   667 | D:1      | Gained mutation: You are mostly covered in iridescent scales (AC +6). [demonic ancestry]
   667 | D:1      | Reached XP level 3. HP: 5/29 MP: 4/4
  1001 | D:2      | Lost mutation: You have a pair of small antennae on your head. [potion of mutation]
  1001 | D:2      | Gained mutation: You are resistant to electric shocks. [potion of mutation]
  1365 | D:2      | Noticed Sigmund
  1412 | D:2      | HP: 1/29 [something (3)]
  1418 | D:2      | Killed from afar by Sigmund

Skill      XL: |  1  2 |
---------------+-------+-----
Dodging        | 1 |  1.6
Armour         | 2 |  2.4
Axes           | 2 |  2.0
Fighting       | |  3.5
Invocations    | |  2.4

Action                   || total
-------------------------++-------
Melee: Hand axe          ||   150
Invok: Depart the Abyss  ||     1
  Use: Potion            ||     7
  Eat: Chunk             ||     2
Armor: Ring mail         ||    32
       Scale mail        ||    37
Dodge: Dodged            ||    59
